 Dungeon Crawl Stone Soup version 0.28.0-43-g3370ac3207 (webtiles) character file.

Game seed: 8031177180808105800

59 issech the Cudgeller (level 3, 0/36 HPs)
             Began as a Troll Monk on Mar 29, 2022.
             Killed by nerve-wracking pain
             ... invoked by a shadow imp
              (9 damage)
             ... on level 7 of the Dungeon.
             The game lasted 00:06:08 (2517 turns).

issech the Cudgeller (Troll Monk)                   Turns: 2517, Time: 00:06:08

Health: 0/36       AC:  4    Str: 19    XL:     3   Next: 78%
Magic:  2/2        EV: 10    Int:  6    God:
Gold:   108        SH:  0    Dex: 14    Spells: 2/2 levels left

rFire   . . .      SeeInvis .   a - +0 mace
rCold   . . .      Faith    .   (no shield)
rNeg    . . .      Spirit   .   b - +0 robe
rPois   .          Reflect  .   (helmet restricted)
rElec   .          Harm     .   (no cloak)
rCorr   .          Rampage  .   (gloves unavailable)
Will    .....                   (boots unavailable)
Stlth   ++........              (no amulet)
HPRegen 0.92/turn               (no ring)
MPRegen 0.08/turn               (no ring)

@: no status effects
A: large, unfitting armour, claws 3, regeneration 1, shaggy fur 1, tough skin 1
a: no special abilities


You were on level 7 of the Dungeon.
You visited 1 branch of the dungeon, and saw 5 of its levels.

You collected 108 gold pieces.

Inventory:

Hand Weapons
 a - a +0 mace (weapon)
 n - a +1 hunting sling of freezing
Missiles
 c - 78 stones (quivered)
 f - 16 bolts
 h - 36 arrows
 j - 49 sling bullets
 o - 7 poisoned darts
 q - 2 javelins
Armour
 b - a +0 robe (worn)
Scrolls
 d - a scroll of blinking
 g - a scroll of teleportation
 i - a scroll of identify
 k - a scroll of vulnerability
Potions
 e - a potion of curing {unknown}
 l - a potion of might {unknown}
 m - a potion of resistance
 p - a potion of flight {unknown}


   Skills:
 + Level 2.8 Fighting
 + Level 3.5 Maces & Flails
 + Level 2.9 Dodging
 + Level 1.1 Stealth


You had 2 spell levels left.
You didn't know any spells.
Your spell library contained the following spells:

 Spells                   Type           Power      Damage    Failure   Level
 Sublimation of Blood     Necr           0%         N/A       58%         2
 Wereblood                Tmut           0%         N/A       58%         2
 Summon Hydra             Summ           0%         N/A       100%        7


Dungeon Overview and Level Annotations

Branches:
Dungeon (4/15)
 Temple: D:4-7

Altars:
Ashenzari
Uskayaw

Shops:
D:2 [   D:3 [

Annotations:
D:3 3 runed translucent doors, GloriousHammer's ghost, amateur TrMo; Zeor's ghost, weakling GrMo
D:4 Sigmund


Innate Abilities, Weirdness & Mutations

You are too large for most types of armour.
You have claws for hands.
Your natural rate of healing is unusually fast.
You are covered in fur. (AC +1)
You have tough skin. (AC +1)


Message History

You hit the shadow imp.
The shadow imp is lightly wounded.
The shadow imp closely misses you. The shadow imp hits you.
You hit the shadow imp.
The shadow imp is moderately wounded.
The shadow imp hits you.
You hit the shadow imp.
The shadow imp is heavily wounded.
The shadow imp hits you.
You hit the shadow imp.
The shadow imp is heavily wounded.
The shadow imp barely misses you.
You hit the shadow imp.
The shadow imp is almost dead.
The shadow imp completely misses you.
You completely miss the shadow imp.
The shadow imp is almost dead.
The shadow imp gestures at you. Pain shoots through your body!
The shadow imp gestures at you. Pain shoots through your body!
* * * LOW HITPOINT WARNING * * *
You closely miss the shadow imp.
The shadow imp is almost dead.
The shadow imp hits you.
* * * LOW HITPOINT WARNING * * *
You barely miss the shadow imp.
The shadow imp is almost dead.
The shadow imp gestures at you.
You barely resist.
Unknown command.
You closely miss the shadow imp.
The shadow imp is almost dead.
The shadow imp hits you.
* * * LOW HITPOINT WARNING * * *
You hit the shadow imp but do no damage.
The shadow imp is almost dead.
The shadow imp gestures at you. Pain shoots through your body!
You die...

##########
#........#
#........#
#........#
#........#
#.......5#
#.......@#
#........#
####..........>.
##...........
#...........
#$..........
#...........
#...........
#.[.........


You could see a shadow imp.

Vanquished Creatures
  An adder (D:3)
  2 worms (D:3)
  3 dart slugs (D:1)
  6 bats
  4 endoplasms
  A giant cockroach (D:1)
  7 goblins
  2 hobgoblins
  3 kobolds
  3 ball pythons
  A frilled lizard (D:1)
  3 rats
36 creatures vanquished.

Vanquished Creatures (others)
  11 withered plants (D:1)
11 creatures vanquished.

Grand Total: 47 creatures vanquished

Notes
Turn   | Place    | Note
-------+----------+-------------------------------------------
     0 | D:1      | issech the Troll Monk began the quest for the Orb.
     0 | D:1      | Reached XP level 1. HP: 22/22 MP: 0/0
    88 | D:1      | Reached XP level 2. HP: 29/29 MP: 1/1
   216 | D:1      | Reached skill level 3 in Maces & Flails
   365 | D:1      | Found a faded altar of an unknown god.
   410 | D:1      | Reached XP level 3. HP: 36/36 MP: 2/2
   966 | D:2      | Found Fuexo's Antique Armour Boutique.
  1681 | D:3      | Found Affuil's Antique Armour Shop.
  1702 | D:3      | Found a hide-covered altar of Uskayaw.
  1902 | D:3      | Found a broken altar of Ashenzari.
  2060 | D:3      | Found a runed translucent gate.
  2060 | D:3      | Found a runed translucent gate.
  2060 | D:3      | Found a runed translucent gate.
  2064 | D:3      | Noticed GloriousHammer's ghost (amateur TrMo)
  2064 | D:3      | Noticed Zeor's ghost (weakling GrMo)
  2433 | D:4      | Noticed Sigmund
  2505 | D:4      | You fall into a shaft and drop 3 floors!
  2517 | D:7      | Killed from afar by a shadow imp

Illustrated notes

Levels and vault maps discovered:
D:1:      roderic_crop_circles_arrival_small, layout_basic,
          ebering_ecumenical_altar_petrified, minmay_misc_feat_columns,
          minmay_misc_feat_x, grunt_decor_cap
D:2:      layout_loops_ring, serial_shops, nicolae_shop_crystal
D:3:      layout_basic, evilmike_ruin_ashenzari,
          mainiacjoe_overflow_small_starburst, serial_shops,
          nicolae_shop_hallway_plus, gammafunk_ghost_cemetery
D:4:      layout_layer_cave, minmay_misc_feat_alley, feat_on_display,
          uniq_sigmund
D:7:      layout_basic, good_gods_mini_temple

Skill      XL: |  1  2 |
---------------+-------+-----
Maces & Flails | 3 |  3.5
Fighting       | |  2.8
Dodging        | |  2.9
Stealth        | |  1.1

Action                   || total
-------------------------++-------
Melee: Mace              ||   157
       Punch             ||     1
Throw: Stone             ||     6
  Use: Scroll            ||     3
 Stab: Sleeping          ||     3
Armor: Robe              ||    47
Dodge: Dodged            ||    73
